 Dungeon Crawl Stone Soup version 0.31-a0-881-ge136f0c47a (webtiles) character file.

Game seed: 5891961472916692439

310 mdonais the Sneak (level 6, -2/43 HPs)
             Began as an Octopode Brigand on Oct 15, 2023.
             Slain by a gnoll
             ... wielding a +0 spear
              (9 damage)
             ... on level 4 of the Dungeon.
             The game lasted 00:09:55 (2448 turns).

mdonais the Sneak (Octopode Brigand)                Turns: 2448, Time: 00:09:56

Health: -2/43      AC:  1    Str: 11    XL:     6   Next: 41%
Magic:  6/6        EV: 13    Int: 13    God:
Gold:   93         SH:  0    Dex: 15    Spells: 5/5 levels left

rFire   . . .        l - +3 short sword
rCold   . . .        (no shield)
rNeg    . . .        (helmet restricted)
rPois   .            (no amulet)
rElec   .            p - ring of willpower
rCorr   .            (no ring)
SInv    .            (no ring)
Will    +....        (no ring)
Stlth   ++++         (no ring)
HPRegen 0.27/turn    (no ring)
MPRegen 0.10/turn    (no ring)
                     (no ring)

%: no passive effects
@: no status effects
A: almost no armour, amphibious, 8 rings, camouflage 1, gelatinous body 1,
(nimble swimmer 1), tentacles
a: no special abilities


You were on level 4 of the Dungeon.
You visited 1 branch of the dungeon, and saw 4 of its levels.

You collected 93 gold pieces.

Inventory:

Hand Weapons
 a - a +2 dagger
 i - a +1 mace of protection
   (You found it on level 2 of the Dungeon)
 l - a +3 short sword (weapon)
   (You found it on level 2 of the Dungeon)
Missiles
 b - 13 poisoned darts (quivered)
 t - 6 boomerangs
 F - 3 curare-tipped darts
 G - 6 datura-tipped darts
 J - 2 atropa-tipped darts
Armour
 c - an orb of energy
   (You found it on level 1 of the Dungeon)
Jewellery
 p - a ring of willpower (left tentacle)
   (You found it on level 3 of the Dungeon)
Scrolls
 e - 2 scrolls of immolation
 g - a scroll of fog
 h - a scroll of torment {unknown}
 k - a scroll of fear {unknown}
 m - a scroll of poison {unknown}
 r - a scroll of vulnerability {unknown}
 s - a scroll of amnesia {unknown}
 R - 2 scrolls of identify
Potions
 f - a potion of brilliance {unknown}
 j - a potion of curing {unknown}
 n - a potion of might {unknown}
 o - a potion of degeneration {unknown}
 q - a potion of lignification {unknown}
 u - a potion of ambrosia


   Skills:
 + Level 4.1 Fighting
 + Level 4.0 Short Blades
 - Level 4.0 Throwing
 + Level 1.2 Dodging
 - Level 5.3 Stealth


You had 5 spell levels left.
You didn't know any spells.
Your spell library was empty.

Dungeon Overview and Level Annotations

Branches:
Dungeon (4/15) Zot: 21572
 Temple: D:4-7

Altars:
Trog


Innate Abilities, Weirdness & Mutations

You cannot wear most types of armour.
You are amphibious.
You can wear up to eight rings at the same time.
Your skin changes colour to match your surroundings (Stealth+).
Your rubbery body absorbs attacks. (AC +1, EV +1)
((You are camouflaged when in or above water. (Stealth+)))
You have tentacles for arms and can constrict up to eight enemies at once.


Message History

The endoplasm quivers.
You hit the endoplasm.
The endoplasm is moderately wounded.
The endoplasm closely misses you.
You puncture the endoplasm!
You kill the endoplasm!
No target in view!
A hobgoblin comes into view.
The hobgoblin shouts!
The hobgoblin hits you.
You take 3 damage, and have 40/43 hp.
You barely miss the hobgoblin. You grab the hobgoblin.
You squeeze the hobgoblin.
The hobgoblin is lightly wounded.
You constrict the hobgoblin. The hobgoblin barely misses you.
You hit the hobgoblin.
The hobgoblin is almost dead.
You constrict the hobgoblin.
You kill the hobgoblin!
No target in view!
You see here a hobgoblin corpse.
d - 3 scrolls labelled ANUSHEA OVUTI (gained 1)
A giant cockroach comes into view.
Health restored: 43 A giant cockroach is nearby!
The helpless giant cockroach fails to defend itself.
You impale the giant cockroach!!
You kill the giant cockroach!
No target in view!
No target in view!
No target in view!
No target in view!
No target in view!
No target in view!
No target in view!
No target in view!
q - a brown potion You see here a giant cockroach corpse.
Things that are here:
a +0 dagger; a +0 whip; a +0 hand axe
Found a barding.
Found a stone staircase leading down.
Partly explored, can't reach some places.
Partly explored, can't reach some places.
Partly explored, can't reach some places.
There is a stone staircase leading down here.
You climb downwards.
Found a scroll labelled ERCHOJ RYEST.
Found a stone staircase leading down.
There is a stone staircase leading up here.
Found a trident.
Found a sling.
Natasha, Servant of Life and Death comes into view.
Found 13 gold pieces.
A dart slug comes into view.
The helpless Natasha fails to defend herself.
You impale Natasha!!
You kill Natasha!
Natasha yowls pathetically as she dies!
Your Fighting skill increases to level 4!
A worm comes into view.
You hit the dart slug. You grab the dart slug. You squeeze the dart slug.
The dart slug is heavily wounded.
You constrict the dart slug. The dart slug closely misses you.
You hit the dart slug.
You kill the dart slug!
A worm is nearby!
r - a scroll labelled LETUIMUYDE You now have 76 gold pieces (gained 13).
s - a scroll labelled ERCHOJ RYEST
u - a potion of ambrosia An orc comes into view.
It is wielding a +0 morningstar.
Found 17 gold pieces.
The orc shouts!
The orc barely misses you.
You hit the orc. You grab the orc.
The orc is severely wounded.
You constrict the orc. The orc barely misses you.
You hit the orc.
You kill the orc!
Your Short Blades skill increases to level 4!
Natasha, Servant of Life and Death comes into view.
She is carrying a wand of flame.
Natasha moves out of view.
You see here a +0 sling.
Natasha hisses angrily.
Natasha misses you.
You hit Natasha. Your grab misses Natasha. Your squeeze misses Natasha.
Natasha is lightly wounded.
You hit Natasha but do no damage. You grab Natasha.
Natasha is lightly wounded.
You constrict Natasha. You hit Natasha.
Natasha is moderately wounded.
You constrict Natasha. Natasha misses you.
You barely miss Natasha.
Natasha is moderately wounded.
You constrict Natasha, but do no damage.
Natasha barely misses you.
You hit Natasha.
Natasha is heavily wounded.
You constrict Natasha.
Natasha mumbles some strange words.
Natasha glows brightly for a moment.
Natasha claws you!
You take 9 damage, and have 34/43 hp.
MASSIVE DAMAGE!!
You hit Natasha.
You kill Natasha!
Natasha screams in fury as she dies!
Training target 4.0 for Throwing reached!
Your Throwing skill increases to level 4!
HP restored.
You now have 93 gold pieces (gained 17).
There is an open door here. 3 gnolls come into view.
Health restored: 43 The gnoll shouts! x2
The gnoll closely misses you. The gnoll barely misses you.
A gnoll comes into view. It is wielding a +0 flail.
The gnoll shouts!
You hit the gnoll. You grab the gnoll. You squeeze the gnoll!
The gnoll is severely wounded.
You constrict the gnoll. The gnoll misses you.
The gnoll hits you with a +0 whip.
You take 3 damage, and have 40/43 hp.
You hit the gnoll.
You kill the gnoll!
The gnoll misses you.
You closely miss the gnoll. You grab the gnoll.
You constrict the gnoll, but do no damage.
The gnoll barely misses you. The gnoll misses you.
You hit the gnoll. You squeeze the gnoll.
The gnoll is moderately wounded.
You constrict the gnoll.
The gnoll hits you from afar with a +0 spear. x2
The gnoll hits you with a +0 flail!
You take 19 damage, and have 21/43 hp.
MASSIVE DAMAGE!!
You are too injured to fight recklessly!
As you read the scroll labelled ANUSHEA OVUTI, it crumbles to dust.
It is a scroll of identify.
g - a scroll of fog;
R - 2 scrolls of identify You constrict the gnoll.
The gnoll hits you with a +0 flail! The gnoll completely misses you.
The gnoll hits you from afar with a +0 spear.
* * * LOW HITPOINT WARNING * * *
You take 14 damage, and have 7/43 hp.
MASSIVE DAMAGE!!
As you read the scroll labelled QOPHOJ XUNG, it crumbles to dust.
The creatures around you are filled with an inner flame!
It was a scroll of immolation.
You constrict the gnoll.
Flame seeps out of the gnoll.
The gnoll hits you from afar with a +0 spear!
You die...

#..........# #.............#
#..........# #.#...........#
#..........# #.#...........#
#..........###>#.#)#.#######
#.........)..........#
######...#####.#.#.###
#...'...#.#.#.#
#...###.#.#.#.# #...#
#@#.<...# #...# #g###.###
#####


.gg #.# ####.... .#.#. #.#.# #.# # #.# You could see 3 gnolls.

Vanquished Creatures
  A water moccasin (D:3)
  Natasha (twice) (D:4)
  2 orc wizards (D:3)
  A gnoll (D:4)
  An adder (D:2)
  A worm (D:2)
  A dart slug (D:4)
  8 orcs
  3 ball pythons
  5 bats
  10 endoplasms
  2 giant cockroaches
  5 goblins
  9 hobgoblins
  4 jackals (D:1)
  2 quokkas
  3 frilled lizards
  6 kobolds
  5 rats
71 creatures vanquished.

Notes
Turn   | Place    | Note
-------+----------+-------------------------------------------
     0 | D:1      | mdonais the Octopode Brigand began the quest for the Orb.
     0 | D:1      | Reached XP level 1. HP: 14/14 MP: 1/1
   308 | D:1      | Reached XP level 2. HP: 19/19 MP: 2/2
   753 | D:1      | Reached XP level 3. HP: 15/25 MP: 3/3
  1420 | D:2      | Reached XP level 4. HP: 30/30 MP: 4/4
  1511 | D:3      | Found a faded altar of an unknown god.
  1511 | D:3      | Noticed a water moccasin
  1520 | D:3      | Killed a water moccasin
  1521 | D:3      | Reached XP level 5. HP: 16/36 MP: 5/5
  1754 | D:3      | Reached XP level 6. HP: 37/43 MP: 6/6
  1905 | D:3      | Found a bloodstained altar of Trog.
  2333 | D:4      | Noticed Natasha
  2340 | D:4      | Killed Natasha
  2385 | D:4      | Noticed Natasha
  2399 | D:4      | Killed Natasha
  2448 | D:4      | Slain by a gnoll

Illustrated notes

Levels and vault maps discovered:
D:1:      dpeg_arrival_refuge, layout_basic
D:2:      layout_basic
D:3:      layout_loops_cross, lightli_temple_of_fire,
          hellmonk_ecumenical_altar_crossroads
D:4:      layout_basic, mainiacjoe_overflow_24_doors, uniq_natasha

Skill      XL: |  1  2  3  4  5  6 |
---------------+-------------------+-----
Fighting       | 3 4 |  4.1
Short Blades   | 3 4 |  4.0
Throwing       | 3 4 |  4.0
Dodging        | |  1.2
Stealth        | |  5.3

Action                     |  1- 3 |  4- 6 || total
---------------------------+-------+-------++-------
  Melee: Dagger            |    49 |       ||    49
         Constrict         |    11 |    12 ||    23
         Tentacles         |    11 |    12 ||    23
         Short sword       |    11 |    64 ||    75
         Punch             |       |     4 ||     4
  Throw: Dart              |     5 |       ||     5
    Use: Potion            |       |     1 ||     1
         Scroll            |       |     2 ||     2
   Stab: Sleeping          |    17 |    12 ||    29
 Armour: Skin              |    17 |    25 ||    42
  Dodge: Dodged            |    17 |    28 ||    45

Table legend: (Time is in decaauts)
 A = Elapsed time spent in this place.
 B = Non-inter-level travel time spent in this place.
 C = Inter-level travel time spent in this place.
 D = Time resting spent in this place.
 E = Time spent auto-exploring this place.
 F = Levels seen in this place.
 G = Mean time per level.
                   A        B        C        D        E       F      G
               +--------+--------+--------+--------+--------+-----+--------+
         Total |   2426 |   2144 |    282 |    107 |   1442 |   4 |  606.5 |
       Dungeon |   2426 |   2144 |    282 |    107 |   1442 |   4 |  606.5 |
               +--------+--------+--------+--------+--------+-----+--------+

Top non-repeatable levels by time:
     D:3: 875 daAuts
     D:1: 817 daAuts
     D:2: 615 daAuts
     D:4: 118 daAuts
